 Dungeon Crawl Stone Soup version 0.16-a0-1276-g18860b1 (webtiles) character file.

3 JacquesDerrida the Charmwright (level 1, 9/11 HPs)
             Began as a Vine Stalker Skald on Oct 6, 2014.
             Quit the game on level 1 of the Dungeon on Oct 14, 2014.
             The game lasted 00:00:56 (132 turns).

JacquesDerrida the Charmwright (Vine Stalker Skald)  Turns: 132, Time: 00:00:56

Health: 9/11       AC:  3    Str: 14    XL:     1   Next: 50%
Magic:  2/3        EV: 10    Int: 12    God:
Gold:   0          SH:  0    Dex: 13    Spells: 1 memorised, 3 levels left

rFire  . . .     SeeInvis .     a - +0 falchion
rCold  . . .     Clarity  +     b - +0 leather armour
rNeg   . . .     SustAb   .     (no shield)
rPois  .         Gourm    .     (no helmet)
rElec  .         Spirit   +     (no cloak)
rCorr  .         Warding  .     (no gloves)
rMut   .         Stasis   .     (no boots)
MR     .....                    (no amulet)
Stlth  +.........               (no ring)
                                (no ring)

@: not resistant to hostile enchantments, very unstealthy
A: fangs 2, clarity, regeneration 1, spit poison 1, magic shield, antimagic
bite, no device heal 3, rot immunity
a: Spit Poison


You were on level 1 of the Dungeon.
You were not hungry.

You visited 1 branch of the dungeon, and saw 1 of its levels.

Inventory:

Hand weapons
 a - a +0 falchion (weapon)
Armour
 b - a +0 leather armour (worn)
Books
 c - a book of Battle

   Spells                             Type                      Level
   *Infusion                          Charms                       1
   Shroud of Golubria                 Charms/Translocation         2
   Song of Slaying                    Charms                       2
   Spectral Weapon                    Hexes/Charms                 3
   Regeneration                       Charms/Necromancy            3
Comestibles
 d - a bread ration


   Skills:
 - Level 1.7 Fighting
 + Level 2.1 Long Blades
 - Level 0.7 Armour
 - Level 0.7 Dodging
 - Level 2.1 Spellcasting
 - Level 3.0 Charms


You had 3 spell levels left.
You knew the following spells:

 Your Spells              Type           Power        Failure   Level  Hunger
a - Infusion              Chrm           #.....       10%         1    ##.....


Dungeon Overview and Level Annotations

Branches:
Dungeon (1/15)

Altars:


Innate Abilities, Weirdness & Mutations

You have extremely sharp teeth.
Your natural rate of healing is unusually fast.
When hurt, damage is shared between your health and your magic reserves.
Your bite disrupts and absorbs the magic of your enemies.
Potions and wands cannot restore your health.
You are immune to rotting.
You possess an exceptional clarity of mind.
You can spit poison.


Message History

Press ? for a list of commands and other information.
Read which item? (? for menu, Esc to quit)
As you read the scroll labeled GUUSEX MAROAWY, it crumbles to dust.
You feel strangely unstable.
It was a scroll of teleportation.
Read which item? (? for menu, Esc to quit)
As you read the scroll labeled DAFOTYT KLELE, it crumbles to dust.
It is a scroll of identify.
Identify which item? (\ to view known items) (? for menu, Esc to quit)
g - a potion of mutation Drink which item? (? for menu, Esc to quit)
You feel extremely strange.
Your thoughts seem clearer.
There is a nasty taste in your mouth for a moment.
Quiver which item? (- for none, * to show all) (? for menu, Esc to quit)
Okay, then.
Your surroundings suddenly seem different.
Saving game... please wait.
Welcome back, JacquesDerrida the Vine Stalker Skald.
Press ? for a list of commands and other information.
Are you sure you want to abandon this character and quit the game? (Confirm with "yes".)

###### #.##. ..... ## .#..
######.#.. ...
.....#.#..##..
..<..#........
.....#.##..#..#############
(....#.#......)...........#
#'''##.###..#.##########.##
.......# # #.#.@..#.# #.#
##...### #.#.##.#.###.#
##.### #.#.##.#.....#
##.########...####.#.#####
.............. ..#.#
.........###.> ###.######
.........# # #......#
.........# #####.##
.........# #.#


There were no monsters in sight!

Vanquished Creatures
  A hobgoblin (D:1)
  A kobold (D:1)
  A giant newt (D:1)
3 creatures vanquished.

Notes
Turn   | Place    | Note
--------------------------------------------------------------
     0 | D:1      | JacquesDerrida, the Vine Stalker Skald, began the quest for the Orb.
     0 | D:1      | Reached XP level 1. HP: 11/11 MP: 3/3
   122 | D:1      | Upgraded the game from 0.16-a0-1120-gd281f79 to 0.16-a0-1243-g6e0463c
   124 | D:1      | Gained mutation: You possess an exceptional clarity of mind. [potion of mutation]
   124 | D:1      | Gained mutation: You can spit poison. [potion of mutation]
   132 | D:1      | Upgraded the game from 0.16-a0-1243-g6e0463c to 0.16-a0-1276-g18860b1
   132 | D:1      | Quit the game

Action                   || total
-------------------------++-------
Melee: Falchion          ||     9
  Use: Scroll            ||     2
       Potion            ||     1
